 Dungeon Crawl Stone Soup version 0.31-a0-1098-g6898e6545c (webtiles) character file.

Game seed: 16909517648071143687

3145 Dirtsage the Mimic (level 9, -8/63 HPs)
             Began as an Octopode Shapeshifter on Nov 30, 2023.
             Was an Initiate of Gozag.
             Mangled by a gnoll
             ... wielding a +0 flail
             ... led by a gnoll bouda
              (10 damage)
             ... on level 6 of the Dungeon.
             The game lasted 00:12:30 (6513 turns).

Dirtsage the Mimic (Octopode Shapeshifter)          Turns: 6513, Time: 00:12:31

Health: -8/63      AC:  1    Str: 14    XL:     9   Next: 93%
Magic:  9/9        EV: 13    Int: 12    God:    Gozag
Gold:   321        SH:  5    Dex: 15    Spells: 8/8 levels left

rFire   . .          .
                       - Unarmed
rCold   . . .        (shield currently unavailable)
rNeg    . . .        (helmet restricted)
rPois   .            o - amulet of reflection
rElec   .            C - ring of resist corrosion
rCorr   +            (no ring)
SInv    .            (no ring)
Will    .....        (no ring)
Stlth   +            (no ring)
HPRegen 0.30/turn    (no ring)
MPRegen 0.11/turn    (no ring)
                     (no ring)

%: reflection
@: brilliant, flux-form, weakened, gold aura, glowing
A: glow, contaminating, almost no armour, amphibious, 8 rings, camouflage 1,
gelatinous body 1, (nimble swimmer 1), tentacles
a: Begin Untransformation, Renounce Religion, Potion Petition, Call Merchant,
Bribe Branch


You were on level 6 of the Dungeon.
You worshipped Gozag.
Gozag was aware of your devotion.
You were something dangerously unstable.
You visited 2 branches of the dungeon, and saw 8 of its levels.
You also visited: Sewer.

You collected 417 gold pieces.
You paid 96 gold pieces to Gozag.

Inventory:

Jewellery
 o - an amulet of reflection (around mantle)
 v - an amulet of the acrobat
 x - an amulet of guardian spirit
 C - a ring of resist corrosion (left tentacle)
Talismans
 b - a beast talisman
 c - a flux talisman (active)
Scrolls
 e - 2 scrolls of immolation {unknown}
 f - a scroll of enchant weapon
 h - 2 scrolls of identify {unknown}
 j - a scroll of silence {unknown}
 k - a scroll of noise
 m - a scroll of fog
 r - a scroll of amnesia
 s - a scroll of torment {unknown}
 t - a scroll of revelation {unknown}
 u - 2 scrolls of teleportation {unknown}
 w - a scroll of vulnerability {unknown}
 B - 2 scrolls of blinking
Potions
 a - a potion of haste {unknown}
 d - a potion of ambrosia {unknown}
 g - 2 potions of brilliance
 i - a potion of heal wounds {unknown}
 l - 2 potions of curing {unknown}
 n - 2 potions of mutation {unknown}
 p - 2 potions of attraction {unknown}
 q - 2 potions of resistance {unknown}
 z - 2 potions of magic {unknown}
 A - a potion of might {unknown}
 D - 2 potions of degeneration {unknown}
 E - a potion of lignification


   Skills:
 + Level 6.8 Fighting
 - Level 2.0 Dodging
 + Level 7.4 Unarmed Combat
 * Level 9.3 Shapeshifting


You had 8 spell levels left.
You didn't know any spells.
Your spell library contained the following spells:

 Spells                   Type           Power      Damage    Failure   Level
 Ensorcelled Hibernation  Hex/Ice        0%         N/A       45%         2
 Lesser Beckoning         Tloc           0%         N/A       45%         2
 Passwall                 Tmut/Erth      0%         N/A       45%         2
 Gell's Gravitas          Tloc           0%         N/A       69%         3
 Ignite Poison            Fire/Tmut/Pois 0%         N/A       69%         3
 Stone Arrow              Conj/Erth      0%         3d7       69%         3
 Swiftness                Air            0%         N/A       69%         3
 Teleport Other           Tloc           0%         N/A       69%         3
 Sticky Flame             Conj/Fire      0%         2d3       97%         4
 Ignition                 Fire           0%         3d3       100%        8
 Lehudib's Crystal Spear  Conj/Erth      0%         10d2      100%        8
 Chain Lightning          Conj/Air       0%         N/A       100%        9
 Fire Storm               Conj/Fire      0%         5d1       100%        9
 Shatter                  Erth           0%         3d5*      100%        9
 Animate Armour           Summ/Erth      Unusable   N/A       N/A         4

Dungeon Overview and Level Annotations

Branches:
Dungeon (7/15)             Temple (1/1) D:6           Sewer (visited)

Altars:
Cheibriados
Gozag
Hepliaklqana
Kikubaaqudgha
Nemelex Xobeh
Qazlal
Sif Muna
Wu Jian
Xom

Shops:
D:5 [(

Annotations:
D:4 exclusion: centaur, Grinder
D:6 1 runed translucent door, Crazy Yiuf


Innate Abilities, Weirdness & Mutations

You are something dangerously unstable.
You glow with magical radiation, making you easy to see and hit.
Foes you strike become dangerously contaminated with magical radiation.
You are incapable of wielding weapons or throwing items.
You cannot wear most types of armour.
You are amphibious.
You can wear up to eight rings at the same time.
Your skin changes colour to match your surroundings (Stealth+).
Your rubbery body absorbs attacks. (AC +1, EV +1)
((You are camouflaged when in or above water. (Stealth+)))
You have tentacles for arms and can constrict up to eight enemies at once.


Message History

The gnoll closely misses you.
The gnoll bouda barks out a call to the hunt!
The gnoll hits you with a +0 club. You block the gnoll's attack.
You take 5 damage, and have 33/63 hp.
There is an open door here.
The gnoll hits you with a +0 club.
You take 5 damage, and have 29/63 hp.
The gnoll attacks as it pursues you! The gnoll hits you with a +0 flail. x2
There is a stone staircase leading up, spattered with blood here.
You take 9 damage, and have 20/63 hp.
The gnoll barely misses you. The gnoll closely misses you.
The gnoll misses you.
You climb upwards.
Level annotation: 1 runed translucent door, Crazy Yiuf
There is a stone staircase leading down here.
You tentacle-slap the gnoll.
The gnoll begins to glow.
You grab the gnoll.
The gnoll is moderately wounded.
You constrict the gnoll, but do no damage.
The gnoll hits you with a +0 club!
* * * LOW HITPOINT WARNING * * *
You take 6 damage, and have 14/63 hp.
You tentacle-slap the gnoll.
The gnoll glows dangerously bright.
The gnoll is heavily wounded.
You constrict the gnoll.
The gnoll is no longer moving quickly.
The gnoll barely misses you. The gnoll hits you with a +0 club!
* * * LOW HITPOINT WARNING * * *
You take 8 damage, and have 6/63 hp.
It was a potion of brilliance.
You feel clever all of a sudden.
You constrict the gnoll.
You kill the gnoll!
The gnoll hits you with a +0 flail.
* * * LOW HITPOINT WARNING * * *
You take 5 damage, and have 1/63 hp.
You barely miss the gnoll. You grab the gnoll. You squeeze the gnoll.
The gnoll is lightly wounded.
You constrict the gnoll.
The gnoll is no longer moving quickly.
The gnoll hits you with a +0 flail!
You die...
Your body crumbles into a pile of gold.

##..#....#..##
##........##
#........######
#......[......#####
#..##.#......<.....
#..##..........####
#..#.#...##...#.###
#.$#..#..##..#.....
#gp....#....#)[.###
#.......#..#....#
#....##..##..##.###
#....##..##..##...#
#.......#..#....#..
#..#...#....#...#.#
#.....#..##..#...##
#....#...##...#..#
#..##..........#.##


You could see a gnoll.

Vanquished Creatures
  A hornet (D:6)
  Prince Ribbit (D:6)
  3 yaks (D:5)
  3 vampire mosquitoes (D:6)
  A water moccasin (D:6)
  2 ice beasts (D:6)
  3 ogres (D:4)
  A centaur (D:5)
  2 phantoms (D:6)
  Blork the orc (D:5)
  2 bullfrogs
  2 scorpions (D:5)
  2 howler monkeys
  3 hounds
  2 jellies
  3 orc priests
  4 iguanas
  Terence (D:2)
  A sleepcap (D:7)
  2 orc wizards
  11 adders
  3 gnolls
  A river rat (Sewer)
  A shadow imp (D:5)
  2 white imps (D:6)
  5 worms
  4 dart slugs
  6 orcs
  13 endoplasms
  10 giant cockroaches
  9 goblins
  7 hobgoblins
  4 jackals
  5 kobolds
  2 quokkas
  11 ball pythons
  5 bats
  8 frilled lizards
  10 rats
157 creatures vanquished.

Notes
Turn   | Place    | Note
-------+----------+-------------------------------------------
     0 | D:1      | Dirtsage the Octopode Shapeshifter began the quest for the
                  | Orb.
     0 | D:1      | Reached XP level 1. HP: 13/13 MP: 1/1
     3 | D:1      | Noticed an electric eel
     4 | D:1      | Noticed an electric eel
   208 | D:1      | Reached XP level 2. HP: 18/18 MP: 2/2
   584 | D:1      | Reached XP level 3. HP: 23/23 MP: 3/3
   889 | D:2      | Noticed Terence
   903 | D:2      | Killed Terence
   904 | D:2      | Reached XP level 4. HP: 13/29 MP: 4/4
  1170 | D:2      | Reached skill level 4 in Shapeshifting
  1806 | D:3      | Reached XP level 5. HP: 30/34 MP: 5/5
  2081 | D:3      | Identified the +6 trident "Dopidosch" {drain, rC+ rN+
                  | Int-4}
  2391 | D:4      | Noticed Grinder
  2391 | D:4      | Noticed a centaur
  2457 | D:4      | Noticed an ogre
  2469 | D:4      | Killed an ogre
  2470 | D:4      | Reached XP level 6. HP: 9/42 MP: 6/6
  2691 | D:4      | Reached skill level 5 in Shapeshifting
  3329 | D:4      | Reached XP level 7. HP: 37/46 MP: 7/7
  3640 | D:5      | Entered Level 5 of the Dungeon
  3647 | D:5      | Noticed a yak
  3658 | D:5      | Killed a yak
  3659 | D:5      | Reached skill level 6 in Shapeshifting
  3664 | D:5      | Noticed a yak
  3666 | D:5      | Noticed a yak
  3681 | D:5      | Killed a yak
  3682 | D:5      | Reached skill level 5 in Unarmed Combat
  3692 | D:5      | Killed a yak
  3693 | D:5      | Reached XP level 8. HP: 54/54 MP: 8/8
  3708 | D:5      | Noticed Blork the orc
  3715 | D:5      | Killed Blork the orc
  3815 | D:5      | Found Vicroec's Antique Weapon Shop.
  3864 | D:5      | Reached skill level 7 in Shapeshifting
  4024 | D:5      | Found Moirohya's Antique Armour Boutique.
  4048 | D:5      | Reached skill level 5 in Fighting
  4060 | D:5      | Found a glowing drain.
  4092 | Sewer    | Entered a sewer
  4318 | Sewer    | Found a viscous altar of Jiyva.
  4651 | D:5      | Found a shimmering blue altar of Sif Muna.
  4838 | D:6      | Noticed a hornet
  4843 | D:6      | Killed a hornet
  4844 | D:6      | Reached skill level 8 in Shapeshifting
  4844 | D:6      | Reached XP level 9. HP: 48/62 MP: 9/9
  5015 | D:6      | Found a sparkling altar of Nemelex Xobeh.
  5025 | D:6      | Found a staircase to the Ecumenical Temple.
  5050 | Temple   | Entered the Ecumenical Temple
  5059 | Temple   | Became a worshipper of Gozag Ym Sagoz the Greedy
  5629 | D:6      | Reached skill level 9 in Shapeshifting
  5980 | D:6      | Noticed Prince Ribbit
  5987 | D:6      | Killed Prince Ribbit
  6170 | D:6      | Found a hazy altar of Hepliaklqana.
  6259 | D:6      | Found a runed translucent door.
  6260 | D:6      | Noticed Crazy Yiuf
  6512 | D:6      | HP: 1/63 [gnoll/+0 flail[a gnoll bouda] (5)]
  6513 | D:6      | Mangled by a gnoll

Illustrated notes

Levels and vault maps discovered:
D:1:      arrival_aquarium_b, layout_basic, serial_corexii_hall,
          chequers_hall_statues_y, corexii_hall_statues_x
D:2:      layout_basic, uniq_terence
D:3:      layout_rooms, nrook_mini_vaults
D:4:      layout_layer_cave, uniq_grinder
D:5:      layout_rooms, mainiacjoe_overflow_alcove_1,
          cheibrodos_sewer_entry_bend, serial_shops, kennysheep_little_box,
          shop, uniq_blork_the_orc
D:6:      layout_loops_ring, nemelex_diamond_rough_becter,
          worldfamousw_hep_ancestral_shrine, minmay_temple_entry_water_ring,
          minivault_26, minmay_misc_feat_iff, uniq_prince_ribbit1,
          uniq_crazy_yiuf_cottage
D:7:      layout_gridville, nicolae_dithmenos_shadow_blocks
Temple:   nicolae_temple_ecumenical_triangle

Skill      XL: |  1  2  3  4  5  6  7  8  9 |
---------------+----------------------------+-----
Fighting       | 2 3 4 5 6 |  6.8
Shapeshifting  | 4 5 6 8 9 |  9.3
Unarmed Combat | 4 5 6 7 |  7.4
Dodging        | |  2.0

Action                     |  1- 3 |  4- 6 |  7- 9 || total
---------------------------+-------+-------+-------++-------
  Melee: Unarmed           |    60 |    97 |   226 ||   383
         Constrict         |    14 |    20 |    53 ||    87
         Tentacles         |    12 |    19 |    66 ||    97
         Punch             |     2 |     5 |     6 ||    13
    Use: Potion            |       |       |     2 ||     2
         Scroll            |       |       |     5 ||     5
   Stab: Sleeping          |     6 |     6 |     1 ||    13
 Armour: Skin              |    20 |    23 |   110 ||   153
  Dodge: Dodged            |    27 |    32 |    89 ||   148
  Block: Other             |       |    12 |    45 ||    57
         Reflection        |       |       |     1 ||     1
   Form: Flux              |       |       |     1 ||     1

Table legend: (Time is in decaauts)
 A = Elapsed time spent in this place.
 B = Non-inter-level travel time spent in this place.
 C = Inter-level travel time spent in this place.
 D = Time resting spent in this place.
 E = Time spent auto-exploring this place.
 F = Levels seen in this place.
 G = Mean time per level.
                   A        B        C        D        E       F      G
               +--------+--------+--------+--------+--------+-----+--------+
         Total |   6475 |   6225 |    250 |      0 |   4982 |   9 |  719.4 |
       Dungeon |   6156 |   5920 |    236 |      0 |   4792 |   7 |  879.4 |
        Temple |     16 |      2 |     14 |      0 |      0 |   1 |   16.0 |
         Sewer |    302 |    302 |      0 |      0 |    190 |   1 |  302.0 |
               +--------+--------+--------+--------+--------+-----+--------+

Top non-repeatable levels by time:
     D:6: 1530 daAuts
     D:4: 1394 daAuts
     D:2: 930 daAuts
     D:5: 813 daAuts
     D:1: 767 daAuts
     D:3: 533 daAuts
   Sewer: 302 daAuts
     D:7: 186 daAuts
  Temple: 16 daAuts
